 Dungeon Crawl Stone Soup version 0.21-a0-582-g1b93aee (webtiles) character file.

65 sithsevirus the Ducker (level 3, -2/17 HPs)
             Began as a Felid Monk on Dec 19, 2017.
             Slain by a worm (11 damage)
             ... on level 2 of the Dungeon.
             The game lasted 00:05:58 (2029 turns).

sithsevirus the Ducker (Felid Monk)                 Turns: 2029, Time: 00:05:59

Health: -2/17      AC:  1    Str:  7    XL:     3   Next: 94%
Magic:  4/4        EV: 21    Int: 11    God:
Gold:   51         SH:  0    Dex: 19    Spells: 2/2 levels left
                                        Lives:  0   Deaths: 0

rFire    . . .     SeeInvis +     - Unarmed
rCold    . . .     Gourm    .   (shield unavailable)
rNeg     . . .     Faith    .   (armour unavailable)
rPois    .         Spirit   .   (helmet unavailable)
rElec    .         Reflect  .   (cloak unavailable)
rCorr    .         Harm     .   (gloves unavailable)
MR       .....                  (boots unavailable)
Stlth    +++.......             (no amulet)
HPRegen  0.05/turn              (no ring)
MPRegen  0.09/turn              (no ring)

@: quick
A: very small, no armour, no weapons or thrown items, stealth, claws 1, fangs 3,
see invisible, carnivore, speed 1, shaggy fur 1, slow metabolism 1, sharp paws
a: no special abilities


You were on level 2 of the Dungeon.
You were very full.

You visited 1 branch of the dungeon, and saw 2 of its levels.

You collected 51 gold pieces.

Inventory:

Scrolls
 e - a scroll of identify {unknown}
Potions
 b - 2 potions of heal wounds {unknown}
 d - 2 potions of ambrosia {unknown}
Comestibles
 a - 2 rations
 c - 2 chunks of flesh


   Skills:
 - Level 3.3 Fighting
 + Level 4.9 Dodging
 + Level 3.8 Stealth
 + Level 3.6 Unarmed Combat


You had 2 spell levels left.
You didn't know any spells.

Dungeon Overview and Level Annotations

Branches:
Dungeon (2/15)

Altars:


Innate Abilities, Weirdness & Mutations

You cannot wear armour.
You are incapable of wielding weapons or throwing items.
Your paws allow you to move quietly. (Stealth)
You have sharp claws.
You have razor-sharp teeth.
You have supernaturally acute eyesight. (SInv)
You are carnivorous and can eat meat at any time.
You cover ground quickly.
You are covered in fur. (AC +1)
You have a slow metabolism.
Your sharp claws are effective at attacking unaware monsters.


Message History

You claw the worm!
The worm is moderately wounded.
You scratch the worm.
The worm is severely wounded.
The worm bites you!
You barely miss the worm. You bite the worm.
The worm is severely wounded.
You scratch the worm but do no damage.
The worm is severely wounded.
The worm completely misses you.
You barely miss the worm. You bite the worm.
The worm is severely wounded.
The worm bites you.
You scratch the worm.
The worm is severely wounded.
You scratch the worm.
The worm is almost dead.
The worm bites you!
Ouch! That really hurt!
You die...

......###'#....####.#######)#
......# #.#########.#.......#
..w..## #.# #.......#.#######
##.### #.# #.###.....# .#.#
#.###.# #.##### .#.# #.....#
#.# .#.# ####### #.#
.#.##############.#
.#.#.......#...w@.#
.#.........##.#####
.#..............######
.#...................#
.#.......#...........#
.#..............รท....#
.#........#..........#
.#....<..(+..........#
.#........#..........#


You could see a worm.

Vanquished Creatures
  An adder (D:2)
  An ooze (D:1)
  2 dart slugs
  A leopard gecko (D:2)
  3 ball pythons
  2 giant cockroaches (D:1)
  8 goblins (D:1)
  5 hobgoblins
  4 jackals (D:1)
  3 bats
  4 frilled lizards
  3 kobolds (D:1)
  9 rats
46 creatures vanquished.

Notes
Turn   | Place    | Note
-------+----------+-------------------------------------------
     0 | D:1      | sithsevirus the Felid Monk began the quest for the Orb.
     0 | D:1      | Reached XP level 1. HP: 10/10 MP: 2/2
   114 | D:1      | Reached XP level 2. HP: 5/14 MP: 3/3
  1009 | D:1      | Reached XP level 3. HP: 14/17 MP: 4/4
  2029 | D:2      | Slain by a worm

Vault maps used:
D:1:      dpeg_arrival_shrine, palyth_stone_intersect,
          hangedman_decor_peaks_small, minmay_misc_feat_chi

Skill      XL: |  1 |
---------------+----+-----
Stealth        | 3 |  3.8
Fighting       | |  3.3
Dodging        | |  4.9
Unarmed Combat | |  3.6

Action                   || total
-------------------------++-------
Melee: Unarmed           ||   126
       Bite              ||     9
       Punch             ||     1
 Stab: Sleeping          ||    10
  Eat: Chunk             ||     9
Armor: Skin              ||     2
Dodge: Dodged            ||    74

Table legend:
 A = Spawn XP
 B = Non-spawn XP
 C = Spawn XP percentage of total XP
 D = Spawn monster count
 E = Non-spawn monster count
 F = Spawn count percentage of total count
 G = Total turns spent on level
                    A         B        C        D         E        F      G
               +---------+---------+-------+---------+---------+-------+---------
         Total |       0 |      94 |   0.0 |       0 |      46 |   0.0 |  2029
               +---------+---------+-------+---------+---------+-------+---------
           D:1 |       0 |      63 |   0.0 |       0 |      35 |   0.0 |  1700
           D:2 |       0 |      31 |   0.0 |       0 |      11 |   0.0 |   329
               +---------+---------+-------+---------+---------+-------+---------
